 Dungeon Crawl Stone Soup version 0.31-a0-656-gb4d89c20fa (webtiles) character file.

Game seed: 8878199350236205677

180138 dialectric the Bludgeoner (level 17, -11/163 HPs)
             Began as a Minotaur Fighter on Aug 30, 2023.
             Was the Champion of Jiyva.
             Mangled by a vault warden
             ... wielding a +0 great mace
              (25 damage)
             ... on level 2 of the Vaults.
             The game lasted 00:45:56 (22285 turns).

dialectric the Bludgeoner (Minotaur Fighter)       Turns: 22285, Time: 00:45:57

Health: -11/163    AC: 23    Str: 24    XL:     17   Next: 31%
Magic:  12/16      EV: 15    Int:  5    God:    Jiyva [******]
Gold:   1797       SH:  0    Dex: 18    Spells: 16/16 levels left

rFire   + . .        R - +16 obsidian axe {drain, demonic, Mesm Drain Fly SInv}
rCold   . . .        (no shield)
rNeg    + . .        o - +3 scale mail {rF+}
rPois   .            (helmet unavailable)
rElec   .            (no cloak)
rCorr   +            J - +0 pair of gloves
SInv    +            (no boots)
Will    +++++        N - amulet of the acrobat
Stlth   +            G - ring of positive energy
HPRegen 2.07/turn    V - ring "Guaqos" {Will+ AC+4 Dex+3}
MPRegen 0.65/turn

%: acrobat, clarity, resist mutation
@: slimy, flying, mesmerised
A: horns 3, retaliatory headbutt, iridescent scales 2, clarity, strong-willed 3,
mutation resistance 3, translucent skin 1, jelly absorbing missiles, noise
suppression
}: 1/15 runes: slimy
a: Renounce Religion, Oozemancy, Slimify


You were on level 2 of the Vaults.
You worshipped Jiyva.
Jiyva was exalted by your worship.
You visited 7 branches of the dungeon, and saw 33 of its levels.
You also visited: Bailey.

You collected 1927 gold pieces.
You spent 130 gold pieces at shops.

Inventory:

Hand Weapons
 j - a +1 great mace of draining
 F - a +2 whip of flaming
 Q - the +9 broad axe of the Pit {holy, Dex+3}
   (You found it on level 5 of the Pits of Slime)

   Dex+3:     It affects your dexterity (+3).
 R - the +16 obsidian axe (weapon) {drain, demonic, Mesm Drain Fly SInv}
   (You found it on level 5 of the Pits of Slime)

   Mesm:      Its wielder is mesmerised by any visible foes, and it cannot be
   unequipped while any foes are visible.
   SInv:      It lets you see invisible.
   Fly:       It grants you flight.
   Drain:     It drains your maximum health when unequipped.
Missiles
 A - 35 poisoned darts (quivered)
 B - 5 throwing nets
Armour
 b - a +0 hat
 c - a +0 buckler
 l - a +0 plate armour
 n - a +0 troll leather armour
 o - a +3 scale mail of fire resistance (worn)
 J - a +0 pair of gloves (worn)
 W - the +0 ring mail of the Wilderness {+Inv SInv}
   (You found it on level 3 of the Elven Halls)

   SInv:      It lets you see invisible.
   +Inv:      It lets you turn invisible.
 Z - a +0 pair of boots
Jewellery
 a - an amulet of regeneration
 G - a ring of positive energy (left hand)
 N - an amulet of the acrobat (around neck)
 P - the ring "Huigaell" {rF+ Int+6 Dex-2}
   (You found it on level 5 of the Pits of Slime)

   [ring of protection from fire]

   Int+6:     It affects your intelligence (+6).
   Dex-2:     It affects your dexterity (-2).
   rF+:       It protects you from fire.
 V - the ring "Guaqos" (right hand) {Will+ AC+4 Dex+3}
   (You acquired it on level 15 of the Dungeon)

   [ring of protection]

   AC+4:      It affects your AC (+4).
   Dex+3:     It affects your dexterity (+3).
   Will+:     It increases your willpower.
 X - the ring "Hammiof" {+Blink rN+ Int+6 SInv}
   (You found it on level 3 of the Elven Halls)

   [ring of see invisible]

   Int+6:     It affects your intelligence (+6).
   rN+:       It protects you from negative energy.
   SInv:      It lets you see invisible.
   +Blink:    It lets you blink.
 Y - a ring of magical power
Wands
 p - a wand of paralysis (7)
 r - a wand of polymorph (12)
 w - a wand of quicksilver (15)
 y - a wand of roots (28)
 z - a wand of mindburst (8)
 I - a wand of digging (6)
Scrolls
 d - 3 scrolls of identify
 e - 4 scrolls of fog
 g - 4 scrolls of butterflies
 h - 5 scrolls of vulnerability
 i - 3 scrolls of teleportation
 k - 4 scrolls of poison
 q - 2 scrolls of blinking
 u - 2 scrolls of revelation
 C - a scroll of immolation
 E - a scroll of enchant armour
 H - 4 scrolls of enchant weapon
 L - a scroll of brand weapon
 T - a scroll of amnesia
Potions
 f - 2 potions of attraction
 m - 4 potions of magic
 s - a potion of lignification
 t - 3 potions of brilliance
 v - 5 potions of heal wounds
 x - 2 potions of resistance
 D - a potion of ambrosia
 M - 2 potions of curing
 O - a potion of cancellation {unknown}
 U - a potion of might
Miscellaneous
 S - a box of beasts (inert)


   Skills:
 + Level 18.1 Fighting
 + Level 18.8(22.2) Axes
 - Level 20.0(22.8) Maces & Flails
 - Level 2.0 Throwing
 + Level 16.5 Armour
 + Level 8.9 Dodging
 + Level 4.1 Shields
 + Level 2.9 Evocations


You had 16 spell levels left.
You didn't know any spells.
Your spell library contained the following spells:

 Spells                   Type           Power      Damage    Failure   Level
 Necrotise                Necr           0%         1d4       67%         1
 Slow                     Hex            0%         N/A       67%         1
 Sting                    Tmut/Pois      0%         1d3       67%         1
 Call Imp                 Summ           0%         N/A       82%         2
 Cigotuvi's Dreadful Rot  Necr/Pois/Air  0%         N/A       82%         2
 Ensorcelled Hibernation  Hex/Ice        0%         N/A       82%         2
 Static Discharge         Conj/Air       0%         2-2/arc   82%         2
 Confusing Touch          Hex            0%         N/A       96%         3
 Ignite Poison            Fire/Tmut/Pois 0%         N/A       96%         3
 Teleport Other           Tloc           0%         N/A       96%         3
 Tukima's Dance           Hex            0%         N/A       96%         3
 Vampiric Draining        Necr           0%         2d6       96%         3
 Anguish                  Hex/Necr       0%         N/A       100%        4
 Cause Fear               Hex            0%         N/A       100%        4
 Dispel Undead            Necr           0%         3d6       100%        4
 Leda's Liquefaction      Hex/Erth       0%         N/A       100%        4
 Manifold Assault         Tloc           0%         N/A       100%        4
 Alistair's Intoxication  Tmut/Pois      0%         N/A       100%        5
 Arcjolt                  Conj/Air       0%         1d10      100%        5
 Borgnjor's Vile Clutch   Necr/Erth      0%         N/A       100%        5
 Fireball                 Conj/Fire      0%         3d3       100%        5
 Freezing Cloud           Conj/Ice/Air   0%         6-21      100%        5
 Yara's Violent Unravell  Hex/Tmut       0%         3d3       100%        5
 Death Channel            Necr           0%         N/A       100%        6
 Dispersal                Tloc           0%         N/A       100%        6
 Eringya's Noxious Bog    Tmut/Pois      0%         4d6       100%        6
 Simulacrum               Ice/Necr       0%         N/A       100%        6
 Enfeeble                 Hex            0%         N/A       100%        7
 Haunt                    Necr/Summ      0%         N/A       100%        7
 Orb of Destruction       Conj           0%         9d5       100%        7
 Ozocubu's Refrigeration  Ice            0%         4d7       100%        7
 Borgnjor's Revivificati  Necr           0%         N/A       100%        8
 Disjunction              Tloc           0%         N/A       100%        8
 Polar Vortex             Ice            0%         N/A       100%        9


Dungeon Overview and Level Annotations

Branches:
Dungeon (15/15)            Temple (0/1) D:6            Lair (5/5) D:11
 Shoals (0/4) Lair:3       Spider (1/4) Lair:2        Slime (5/5) Lair:4
    Orc (2/2) D:9             Elf (3/3) Orc:2        Vaults (2/5) D:13
 Bailey (visited)
  Crypt: Vaults:2-3  Depths: D:15

Altars:
Dithmenos
Fedhas
Kikubaaqudgha
Qazlal
Ru
Sif Muna
Trog
Uskayaw
Vehumet
Wu Jian
Xom
Yredelemnul
Zin
The Shining One
Jiyva

Shops:
D:9 [   D:14 (   Orc:2 [[=!   Elf:2 (   Elf:3 :

Annotations:
D:3 1 runed translucent door, Elion's ghost, amateur NaSh
Lair:2 1 runed translucent door, Mlioglotl
Slime:5 Royal Jelly
Orc:2 3 runed translucent doors, javelincjr's ghost, journeyman DsFi
Elf:2 3 runed translucent doors


Innate Abilities, Weirdness & Mutations

You have a pair of large horns on your head.
You reflexively headbutt those who attack you in melee.
You are mostly covered in iridescent scales. (AC +4)
You possess an exceptional clarity of mind.
You are extremely strong-willed. (Will+++)
You are almost entirely resistant to further mutation and mutation removal.
Your translucent skin slightly reduces your foes' accuracy. (Stealth+)
You have a small jelly attached to you that may absorb projectiles.
You passively dampen the noise of your surroundings.


Message History

The vault guard twists and deforms.
You closely miss the vault warden. Your headbutt misses the vault warden.
The vault warden is heavily wounded.
You slash the vault guard! You drain the vault guard.
The vault guard hits you but does no damage.
The vault warden hits you with a +0 great mace!!
* * * LOW HITPOINT WARNING * * *
You are too injured to fight recklessly!
Unknown command.
Unknown command.
You are too injured to fight recklessly!
You slash the vault warden! You headbutt the vault warden.
The vault warden is severely wounded.
The vault guard blocks your attack.
The vault guard blocks your neqoxec's attack.
The vault warden hits you but does no damage.
The vault guard hits you with a +1 long sword.
* * * LOW HITPOINT WARNING * * *
You barely miss the vault warden. You headbutt the vault warden.
The vault warden is almost dead.
You closely miss the vault guard.
Visions of slaying the vault warden flood into your mind.
The vault guard blocks your neqoxec's attack.
Unknown command.
Unknown command.
Unknown command.
You slash the vault warden! You drain the vault warden.
The vault warden is almost dead.
You slash the vault guard!
Visions of slaying the vault guard flood into your mind.
The vault guard hits you but does no damage.
The vault warden hits you with a +0 great mace!!
* * * LOW HITPOINT WARNING * * *
A thick mucus forms on the +16 obsidian axe {drain, demonic, Mesm Drain Fly SInv}.
The vault guard blocks your neqoxec's attack.
Your hellwing swoops through the air toward the vault warden!
Your hellwing barely misses the vault warden.
Your hellwing hits the vault warden.
The vault warden hits you with a +0 great mace!!
You die...

...##.....#......#.#.#..#.#..[...
...##.....########.###~~###.###..
...##..............# #~~# #.. #..
...##..............# #++# #####..
...##..............# #...#..
...##..............# #.###.#
...##..............########.#...#
#..........p3.........#.###.#
#.........4p@.........#.....#
#.........##+####.....#######
........#..3..#...........#
........#.....#...........#
........#.###.#..##########
........#..#).#..'3.......'
........#.###.#..#........#
........#..#..#..#........#
........#.###†#..#........#


You could see a vault warden (drained, ally target), a vault guard (mesmerising,
misshapen, drained, ally target), a friendly hellwing (summoned) and a friendly
neqoxec (summoned).

Vanquished Creatures
  Boris (Vaults:2)
  A deep elf blademaster (Elf:3)
  3 deep elf master archers (Elf:3)
  7 deep elf sorcerers
  A deep elf elementalist (Elf:3)
  6 vault wardens
  7 ironbound preservers (Vaults:1)
  An ironbound thunderhulk (Vaults:1)
  5 dire elephants
  6 deep elf annihilators
  Snorg (Orc:1)
  5 deep elf death magi (Elf:3)
  3 yaktaur captains
  A deep elf high priest (Elf:3)
  Fannar (Lair:3)
  Harold (D:9)
  5 vault guards
  A hydra (Lair:5)
  2 catoblepae
  2 ironbound frosthearts
  10 centaur warriors
  A deep troll shaman (Lair:5)
  11 two-headed ogres
  A tengu warrior (D:13)
  A boulder beetle (D:13)
  2 orc high priests
  9 death yaks
  Urug (Orc:2)
  14 dancing weapons
  7 deep elf knights
  A skyshark (Lair:3)
  5 deep trolls
  A skeletal warrior (D:15)
  7 ironbound convokers
  A phantasmal warrior (D:15)
  3 deep elf archers
  Pikel (D:8)
  9 harpies
  3 orc knights
  2 orc sorcerers (Orc:2)
  25 deep elf pyromancers
  5 lindwurms
  4 ugly things
  19 deep elf zephyrmancers
  2 cyclopes (D:13)
  2 manticores
  13 elephants
  7 vault sentinels (Vaults:1)
  4 black mambas
  2 gargoyles
  A torpor snail (Lair:4)
  An unseen horror (D:13)
  10 cane toads
  2 kobold demonologists
  A freezing wraith (Vaults:1)
  5 rime drakes
  11 yaktaurs
  12 komodo dragons
  5 trolls
  7 polar bears
  3 blink frogs (Lair:5)
  Prince Ribbit (D:8)
  A tarantella (Spider:1)
  4 dream sheep (Lair:3)
  An air elemental (Elf:2)
  A shadow (D:9)
  8 wyverns
  A vampire (D:10)
  2 water elementals
  Eustachio (D:6)
  A wraith (D:11)
  15 yaks
  6 fire elementals
  A basilisk (shapeshifter) (Elf:1)
  A hog (D:8)
  A human (shapeshifter) (D:14)
  6 basilisks
  A human (Lair:2)
  A steam dragon (D:8)
  Edmund (D:6)
  5 vampire mosquitoes (D:11)
  5 wargs (Orc:2)
  An acid dragon (D:11)
  11 water moccasins
  A sky beast (D:8)
  3 black bears
  37 orc warriors
  7 ogres
  17 wolves
  17 centaurs
  2 lemures (D:8)
  4 kobold brigands
  A gnoll sergeant (Orc:1)
  A scorpion (D:6)
  9 bullfrogs
  5 earth elementals
  3 killer bees (D:8)
  8 howler monkeys
  An electric eel (Lair:3)
  10 orc priests
  A hound (D:5)
  A sleepcap (D:8)
  An iguana (D:5)
  Natasha (D:2)
  Terence (D:3)
  14 orc wizards
  6 adders
  15 gnolls
  3 white imps
  An ufetubus (D:6)
  3 dart slugs (D:1)
  64 orcs
  3 endoplasms (D:1)
  3 giant cockroaches
  14 goblins
  20 hobgoblins
  9 jackals
  22 kobolds
  6 quokkas
  6 ball pythons
  8 bats
  6 frilled lizards
  22 rats
723 creatures vanquished.

Vanquished Creatures (collateral kills)
  A fire giant (Vaults:2)
  A vault warden (Vaults:2)
  An ironbound preserver (Vaults:2)
  A deep elf annihilator (Elf:3)
  A vault guard (Vaults:2)
  A dancing weapon (Elf:1)
  An orc knight (Orc:2)
  An ironbound convoker (Vaults:2)
  A deep elf pyromancer (Elf:1)
  A deep elf zephyrmancer (Elf:1)
  A cyclops (D:11)
  A warg (Orc:2)
  6 orc warriors (Orc:2)
  2 orcs (Orc:2)
20 creatures vanquished.

Vanquished Creatures (others)
  A vault warden (Vaults:2)
  A deep elf elementalist (Elf:3)
  A dire elephant (Lair:5)
  A great orb of eyes (Vaults:1)
  A catoblepas (Lair:5)
  A centaur warrior (D:14)
  3 death yaks (Lair:5)
  2 deep elf knights
  2 ironbound convokers
  A harpy (Vaults:1)
  A deep elf pyromancer (Elf:1)
  A troll (D:12)
  4 slime creatures
  A yak (D:8)
  2 orc warriors (Orc:2)
  2 centaurs
  A wolf (Lair:2)
  A bullfrog (D:6)
  A howler monkey (D:4)
  2 orc priests (D:8)
  A hound (D:5)
  78 jellies
  A sleepcap (D:5)
  An iguana (D:4)
  5 orc wizards
  Natasha (twice) (D:2)
  3 adders
  An ufetubus (D:5)
  2 dart slugs
  3 endoplasms
  12 orcs
  A bat (D:3)
  A giant cockroach (D:3)
  2 goblins
  5 hobgoblins
  A quokka (D:4)
  A ball python (D:2)
  5 kobolds
  3 rats (D:3)
158 creatures vanquished.

Grand Total: 901 creatures vanquished

Notes
Turn   | Place    | Note
-------+----------+-------------------------------------------
     0 | D:1      | dialectric the Minotaur Fighter began the quest for the
                  | Orb.
     0 | D:1      | Reached XP level 1. HP: 19/19 MP: 0/0
    55 | D:1      | Reached XP level 2. HP: 24/27 MP: 1/1
    96 | D:1      | Upgraded the game from 0.31-a0-654-gbe3e110b4e to
                  | 0.31-a0-656-gb4d89c20fa
   338 | D:1      | Reached XP level 3. HP: 30/33 MP: 2/2
   418 | D:1      | Found a faded altar of an unknown god.
   440 | D:1      | Prayed at the altar of an unknown god.
   440 | D:1      | Became a worshipper of Jiyva Juomics the Shapeless
   440 | D:1      | Reached * piety under Jiyva
   970 | D:2      | Reached ** piety under Jiyva
   986 | D:2      | Noticed Natasha
   997 | D:2      | Killed Natasha
   998 | D:2      | Reached XP level 4. HP: 35/41 MP: 3/3
  1007 | D:2      | Killed Natasha
  1016 | D:2      | Killed Natasha
  1048 | D:2      | Found a stormy altar of Qazlal.
  1163 | D:2      | Identified the +0 helmet of the Harvest {-Cast +Blink rN+}
  1333 | D:3      | Reached skill level 3 in Maces & Flails
  1428 | D:3      | Found a runed translucent door.
  1428 | D:3      | Noticed Elion's ghost (amateur NaSh)
  1463 | D:3      | Noticed Terence
  1468 | D:3      | Killed Terence
  1469 | D:3      | Reached skill level 5 in Armour
  1469 | D:3      | Reached skill level 1 in Dodging
  1562 | D:3      | Found an ornate altar of the Wu Jian Council.
  1582 | D:3      | Found a radiant altar of Vehumet.
  1666 | D:3      | Reached *** piety under Jiyva
  1674 | D:3      | Found a basalt altar of Yredelemnul.
  1881 | D:3      | Found a shimmering altar of Xom.
  2151 | D:4      | Reached XP level 5. HP: 47/47 MP: 4/4
  2155 | D:4      | Gained mutation: You are covered in slimy tendrils that may
                  | disarm your opponents. [Jiyva's grace]
  2155 | D:4      | Gained mutation: You have sharp toenails. [Jiyva's grace]
  2155 | D:4      | Gained mutation: You have razor-sharp toenails. [Jiyva's
                  | grace]
  2155 | D:4      | Gained mutation: You have claws for feet. [Jiyva's grace]
  2200 | D:4      | Reached **** piety under Jiyva
  2264 | D:4      | Noticed an ogre
  2272 | D:4      | Killed an ogre
  2273 | D:4      | Reached skill level 4 in Maces & Flails
  2538 | D:4      | Noticed an ogre
  2544 | D:4      | Killed an ogre
  2545 | D:4      | Reached skill level 5 in Maces & Flails
  2545 | D:4      | Reached XP level 6. HP: 53/53 MP: 5/5
  2605 | D:5      | Entered Level 5 of the Dungeon
  2768 | D:5      | Reached ***** piety under Jiyva
  3538 | D:6      | Found a staircase to the Ecumenical Temple.
  3551 | D:6      | Reached skill level 5 in Fighting
  3551 | D:6      | Reached XP level 7. HP: 49/61 MP: 6/6
  3554 | D:6      | Reached skill level 6 in Maces & Flails
  3585 | D:6      | Noticed Edmund
  3598 | D:6      | Killed Edmund
  3645 | D:6      | Lost mutation: You have claws for feet. [Jiyva's grace]
  3645 | D:6      | Gained mutation: You have a small jelly attached to you
                  | that may absorb projectiles. [Jiyva's grace]
  3645 | D:6      | Gained mutation: You expend magic power (3 MP) to
                  | strengthen your wands. [Jiyva's grace]
  3645 | D:6      | Gained mutation: Your body has grown eyes which may confuse
                  | attackers. (Acc +3) [Jiyva's grace]
  3645 | D:6      | Gained mutation: Your body has grown many eyes which may
                  | confuse attackers. (Acc +5) [Jiyva's grace]
  3758 | D:6      | Noticed Eustachio
  3767 | D:6      | Killed Eustachio
  4286 | D:7      | Found a shadowy altar of Dithmenos.
  4524 | D:7      | Reached skill level 7 in Maces & Flails
  4556 | D:7      | Reached XP level 8. HP: 68/68 MP: 7/7
  4646 | D:7      | Found an ancient bone altar of Kikubaaqudgha.
  4875 | D:8      | Reached ****** piety under Jiyva
  5002 | D:8      | Found a hide-covered altar of Uskayaw.
  5055 | D:8      | Noticed Erica
  5067 | D:8      | Slimified Erica
  5067 | D:8      | Noticed Erica
  5070 | D:8      | Killed Erica the slime creature
  5071 | D:8      | Reached skill level 8 in Maces & Flails
  5139 | D:7      | HP: 1/70 [wyvern (6)]
  5270 | D:8      | Noticed Prince Ribbit
  5278 | D:8      | Killed Prince Ribbit
  5279 | D:8      | Reached skill level 5 in Dodging
  5292 | D:8      | Reached skill level 9 in Maces & Flails
  5319 | D:8      | Reached XP level 9. HP: 77/77 MP: 8/8
  5353 | D:8      | Noticed a two-headed ogre
  5366 | D:8      | Killed a two-headed ogre
  5367 | D:8      | Reached skill level 10 in Maces & Flails
  5521 | D:8      | Noticed Joseph
  5522 | D:8      | Joseph changed into Joseph the hog
  5522 | D:8      | Noticed Joseph
  5527 | D:8      | Killed Joseph the hog
  5555 | D:8      | Noticed Pikel
  5569 | D:8      | Killed Pikel
  5643 | D:8      | Reached skill level 11 in Maces & Flails
  5739 | D:9      | Noticed a troll
  5742 | D:9      | Killed a troll
  5743 | D:9      | Reached skill level 10 in Armour
  5751 | D:9      | Reached XP level 10. HP: 77/88 MP: 9/9
  5765 | D:9      | Found a blossoming altar of Fedhas.
  5771 | D:9      | Noticed a two-headed ogre
  5783 | D:9      | Killed a two-headed ogre
  5865 | D:9      | Found a sacrificial altar of Ru.
  5879 | D:9      | Lost mutation: Your body has grown many eyes which may
                  | confuse attackers. (Acc +5) [Jiyva's grace]
  5879 | D:9      | Lost mutation: Your body has grown eyes which may confuse
                  | attackers. (Acc +3) [Jiyva's grace]
  5879 | D:9      | Gained mutation: You possess an exceptional clarity of
                  | mind. [Jiyva's grace]
  5879 | D:9      | Gained mutation: You have a small jelly attached to you
                  | that senses nearby items. [Jiyva's grace]
  5879 | D:9      | Gained mutation: Your melee attacks may engulf your foes in
                  | ooze. [Jiyva's grace]
  5879 | D:9      | Gained mutation: You are agile. (Dex +4, Str/Int -1)
                  | [Jiyva's grace]
  6014 | D:9      | Found a shimmering blue altar of Sif Muna.
  6047 | D:9      | Noticed Harold
  6055 | D:9      | Killed Harold
  6056 | D:9      | Reached skill level 12 in Maces & Flails
  6056 | D:9      | Reached skill level 1 in Evocations
  6057 | D:9      | Found Cifaaw's Armour Shop.
  6065 | D:9      | Found a staircase to the Orcish Mines.
  6100 | D:9      | Found a flagged portal.
  6116 | Bailey   | Entered a bailey
  6317 | Bailey   | Identified the ring of Esupyt {rF- MP+9 Dex+8}
  6319 | Bailey   | Noticed an orc warlord
  6417 | D:9      | Found a glowing golden altar of the Shining One.
  6468 | D:9      | Found a bloodstained altar of Trog.
  6516 | D:10     | Entered Level 10 of the Dungeon
  6578 | D:10     | Noticed a two-headed ogre
  6588 | D:10     | Killed a two-headed ogre
  6589 | D:10     | Reached skill level 13 in Maces & Flails
  6738 | D:10     | Reached XP level 11. HP: 73/99 MP: 10/10
  7072 | D:11     | Reached skill level 10 in Fighting
  7204 | D:11     | Noticed Sonja
  7205 | D:11     | Sonja changed into Sonja the rime drake
  7205 | D:11     | Noticed Sonja
  7211 | D:11     | Killed Sonja the rime drake
  7285 | D:11     | Found a staircase to the Lair.
  7457 | D:11     | a meliai changed into a harpy
  7457 | D:11     | Noticed a harpy (shapeshifter)
  7597 | D:11     | Noticed a two-headed ogre
  7611 | D:11     | Killed a two-headed ogre
  7612 | D:11     | Reached skill level 14 in Maces & Flails
  7726 | D:11     | Noticed a two-headed ogre
  7734 | D:11     | Killed a two-headed ogre
  7986 | Lair:1   | Entered Level 1 of the Lair of Beasts
  8076 | D:12     | Noticed a two-headed ogre
  8083 | D:12     | Killed a two-headed ogre
  8200 | D:12     | Lost mutation: You have razor-sharp toenails. [Jiyva's
                  | grace]
  8200 | D:12     | Lost mutation: You have sharp toenails. [Jiyva's grace]
  8200 | D:12     | Gained mutation: You have large cloven feet. [Jiyva's
                  | grace]
  8200 | D:12     | Gained mutation: You have hoof-like feet. [Jiyva's grace]
  8200 | D:12     | Gained mutation: You have hooves in place of feet. [Jiyva's
                  | grace]
  8200 | D:12     | Gained mutation: You are very agile. (Dex +8, Str/Int -2)
                  | [Jiyva's grace]
  8391 | D:12     | Noticed a two-headed ogre
  8399 | D:12     | Killed a two-headed ogre
  8506 | D:12     | Found a sacrificial altar of Ru.
  8794 | Orc:1    | Entered Level 1 of the Orcish Mines
  8827 | Orc:2    | Entered Level 2 of the Orcish Mines
  8827 | Orc:2    | Noticed a two-headed ogre
  8834 | Orc:2    | Killed a two-headed ogre
  8891 | Orc:2    | Noticed javelincjr's ghost (journeyman DsFi)
  9002 | Orc:2    | Noticed an orc knight
  9015 | Orc:2    | Killed an orc knight
  9016 | Orc:2    | Reached XP level 12. HP: 83/112 MP: 11/11
  9068 | Orc:2    | Reached skill level 15 in Maces & Flails
  9184 | Orc:2    | Found Pimets's Distillery.
  9184 | Orc:2    | Found Ciraulao's Jewellery Boutique.
  9211 | Orc:2    | Bought 2 potions of heal wounds for 130 gold pieces
  9270 | Orc:2    | Paralysed by an orc sorcerer for 2 turns
  9303 | Orc:1    | Noticed a two-headed ogre
  9309 | Orc:1    | Killed a two-headed ogre
  9548 | Orc:2    | Found a staircase to the Elven Halls.
  9552 | Orc:2    | Found a runed translucent gate.
  9552 | Orc:2    | Found a runed translucent gate.
  9553 | Orc:2    | Found a runed translucent gate.
  9578 | Orc:2    | Reached skill level 1 in Throwing
  9582 | Orc:2    | Found Heetok's Armour Emporium.
  9582 | Orc:2    | Found Naos's Antique Armour Boutique.
  9638 | Orc:2    | Noticed a minotaur
  9959 | Orc:1    | Noticed Urug
  9982 | Orc:2    | Killed Urug
 10008 | Orc:1    | Noticed a two-headed ogre
 10015 | Orc:1    | Killed a two-headed ogre
 10017 | Orc:1    | Reached skill level 16 in Maces & Flails
 10065 | Orc:1    | Noticed Snorg
 10075 | Orc:1    | Killed Snorg
 10238 | Elf:1    | Entered Level 1 of the Elven Halls
 10557 | Lair:1   | Lost mutation: You are very agile. (Dex +8, Str/Int -2)
                  | [Jiyva's grace]
 10557 | Lair:1   | Lost mutation: You are agile. (Dex +4, Str/Int -1) [Jiyva's
                  | grace]
 10557 | Lair:1   | Lost mutation: You have a small jelly attached to you that
                  | senses nearby items. [Jiyva's grace]
 10557 | Lair:1   | Lost mutation: You expend magic power (3 MP) to strengthen
                  | your wands. [Jiyva's grace]
 10557 | Lair:1   | Gained mutation: You have a small jelly attached to you
                  | that senses nearby items. [Jiyva's grace]
 10557 | Lair:1   | Gained mutation: You have a pair of large horns on your
                  | head. [Jiyva's grace]
 10557 | Lair:1   | Gained mutation: Armour fits poorly on your pseudopods.
                  | [Jiyva's grace]
 10557 | Lair:1   | Gained mutation: Armour fits poorly on your large
                  | pseudopods. [Jiyva's grace]
 10623 | Lair:1   | Reached XP level 13. HP: 123/123 MP: 12/12
 11005 | Lair:1   | Lost mutation: You have a small jelly attached to you that
                  | may absorb projectiles. [potion of mutation]
 11005 | Lair:1   | Lost mutation: Your melee attacks may engulf your foes in
                  | ooze. [potion of mutation]
 11005 | Lair:1   | Lost mutation: You are covered in slimy tendrils that may
                  | disarm your opponents. [potion of mutation]
 11005 | Lair:1   | Gained mutation: Your mind is acute. (Int +4, Str/Dex -1)
                  | [potion of mutation]
 11191 | Lair:2   | Found a hole to the Spider Nest.
 11272 | Lair:2   | Reached skill level 17 in Maces & Flails
 11716 | Lair:2   | Reached skill level 15 in Fighting
 11723 | Lair:2   | Found a runed translucent door.
 12144 | Lair:3   | Noticed Fannar
 12149 | Lair:3   | Killed Fannar
 12338 | Lair:3   | Reached skill level 18 in Maces & Flails
 12455 | Lair:3   | Found a staircase to the Shoals.
 12515 | Lair:3   | Lost mutation: You have hooves in place of feet. [Jiyva's
                  | grace]
 12515 | Lair:3   | Lost mutation: You have a pair of large horns on your head.
                  | [Jiyva's grace]
 12515 | Lair:3   | Lost mutation: Armour fits poorly on your large pseudopods.
                  | [Jiyva's grace]
 12515 | Lair:3   | Lost mutation: Armour fits poorly on your pseudopods.
                  | [Jiyva's grace]
 12515 | Lair:3   | Gained mutation: You have acidic saliva. [Jiyva's grace]
 12515 | Lair:3   | Gained mutation: Your translucent skin slightly reduces
                  | your foes' accuracy. (Stealth+) [Jiyva's grace]
 12515 | Lair:3   | Gained mutation: Your translucent skin reduces your foes'
                  | accuracy. (Stealth+) [Jiyva's grace]
 12515 | Lair:3   | Gained mutation: Your transparent skin significantly
                  | reduces your foes' accuracy. (Stealth+) [Jiyva's grace]
 13040 | Lair:4   | Reached skill level 19 in Maces & Flails
 13300 | Lair:4   | Found a viscous altar of Jiyva.
 13301 | Lair:4   | Found a staircase to the Slime Pits.
 13685 | Slime:1  | Entered Level 1 of the Pits of Slime
 13691 | Slime:1  | Noticed a formless jellyfish
 13692 | Slime:1  | Noticed a formless jellyfish
 13692 | Slime:1  | Noticed a formless jellyfish
 13732 | Slime:5  | Entered Level 5 of the Pits of Slime
 13732 | Slime:5  | Found the +7 great mace "Undeadhunter" {deathbane, rN+}
 13740 | Slime:5  | Identified the ring "Huigaell" {rF+ Int+6 Dex-2}
 13750 | Slime:5  | Identified the +6 falchion "Akiceuri" {heavy, rElec}
 13754 | Slime:5  | Identified the +9 broad axe of the Pit {holy, Dex+3}
 13758 | Slime:5  | Identified the +0 helmet "Usoffefi" {Rampage Dex+3}
 13767 | Slime:5  | Noticed a rockslime
 13775 | Slime:5  | Noticed an acid blob
 13776 | Slime:5  | Found the +16 obsidian axe {drain, demonic, Mesm Drain Fly
                  | SInv}
 13777 | Slime:5  | Found a viscous altar of Jiyva.
 13781 | Slime:5  | Noticed the Royal Jelly
 13782 | Slime:5  | Got the Monograph on the Fifth Circle and Pyromancy
 13786 | Slime:5  | Got a slimy rune of Zot
 13793 | Slime:5  | Noticed a quicksilver ooze
 13793 | Slime:5  | Noticed a formless jellyfish
 13793 | Slime:5  | Noticed a formless jellyfish
 13793 | Slime:5  | Found the +3 giant club "Skullcrusher" {speed, Str+7}
 13797 | Slime:5  | Identified the staff of Perversion {rElec rF- rN++ Str+3
                  | Conj}
 13799 | Slime:5  | Identified the staff "Pymmiz" {rPois Int+5 Poison}
 13805 | Slime:5  | Noticed a formless jellyfish
 13818 | Slime:4  | Noticed a quicksilver ooze
 13830 | Slime:5  | Noticed an azure jelly
 14042 | D:13     | Reached XP level 14. HP: 135/135 MP: 13/13
 14239 | D:13     | Lost mutation: Your mind is acute. (Int +4, Str/Dex -1)
                  | [Jiyva's grace]
 14239 | D:13     | Lost mutation: You have acidic saliva. [Jiyva's grace]
 14239 | D:13     | Lost mutation: Your transparent skin significantly reduces
                  | your foes' accuracy. (Stealth+) [Jiyva's grace]
 14239 | D:13     | Lost mutation: Your translucent skin reduces your foes'
                  | accuracy. (Stealth+) [Jiyva's grace]
 14239 | D:13     | Gained mutation: You have a small jelly attached to you
                  | that may absorb projectiles. [Jiyva's grace]
 14239 | D:13     | Gained mutation: Your rubbery body absorbs attacks. (AC +1,
                  | EV +1) [Jiyva's grace]
 14239 | D:13     | Gained mutation: Your pliable body absorbs attacks. (AC +2,
                  | EV +2) [Jiyva's grace]
 14239 | D:13     | Gained mutation: Your gelatinous body deflects attacks. (AC
                  | +3, EV +3) [Jiyva's grace]
 14424 | D:13     | Reached skill level 20 in Maces & Flails
 14534 | D:13     | Found a gate to the Vaults.
 14543 | Vaults:1 | Entered Level 1 of the Vaults
 14560 | Vaults:1 | Reached skill level 1 in Axes
 14794 | Lair:5   | Entered Level 5 of the Lair of Beasts
 14917 | Lair:5   | Found a stormy altar of Qazlal.
 14938 | Lair:5   | Got the Thoughts on the Dead
 15009 | Lair:5   | a death yak changed into an azure jelly
 15009 | Lair:5   | Noticed an azure jelly
 15129 | Lair:5   | Reached skill level 5 in Axes
 15497 | Lair:5   | Noticed Rupert
 15500 | Lair:5   | Slimified Rupert
 15500 | Lair:5   | Rupert changed into Rupert the acid blob
 15500 | Lair:5   | Noticed Rupert
 15778 | Spider:1 | Entered Level 1 of the Spider Nest
 15796 | Spider:1 | Noticed Mlioglotl
 15814 | Lair:2   | Noticed a cacodemon
 15817 | Lair:2   | Gained mutation: You are clumsy. (Dex -2) [a cacodemon]
 16056 | D:9      | Found a glowing silver altar of Zin.
 16330 | D:14     | Reached skill level 15 in Armour
 16907 | D:14     | Gained mutation: You passively dampen the noise of your
                  | surroundings. [Jiyva's grace]
 16907 | D:14     | Gained mutation: You are partially covered in iridescent
                  | scales. (AC +2) [Jiyva's grace]
 16907 | D:14     | Gained mutation: You are mostly covered in iridescent
                  | scales. (AC +4) [Jiyva's grace]
 16907 | D:14     | Gained mutation: You are completely covered in iridescent
                  | scales. (AC +6) [Jiyva's grace]
 16943 | D:14     | Found Reudaxiv's Weapon Shoppe.
 17105 | D:15     | Entered Level 15 of the Dungeon
 17188 | D:15     | Identified a scroll of acquirement
 17188 | D:15     | Acquired the ring "Guaqos" {Will+ AC+4 Dex+3}
 17595 | Elf:1    | Reached skill level 10 in Axes
 17698 | Elf:1    | Reached XP level 15. HP: 70/141 MP: 14/14
 18950 | Elf:2    | Identified the +5 quarterstaff of Profit {drain, Dex+7}
 18954 | Elf:2    | Found Ojafaf's Weapon Emporium.
 18954 | Elf:2    | Lost mutation: You have hoof-like feet. [Jiyva's grace]
 18954 | Elf:2    | Lost mutation: You are clumsy. (Dex -2) [Jiyva's grace]
 18954 | Elf:2    | Lost mutation: Your gelatinous body deflects attacks. (AC
                  | +3, EV +3) [Jiyva's grace]
 18954 | Elf:2    | Gained mutation: You are strong-willed. (Will+) [Jiyva's
                  | grace]
 18954 | Elf:2    | Gained mutation: You are highly strong-willed. (Will++)
                  | [Jiyva's grace]
 18954 | Elf:2    | Gained mutation: You are extremely strong-willed. (Will+++)
                  | [Jiyva's grace]
 18954 | Elf:2    | Gained mutation: You are somewhat resistant to further
                  | mutation. [Jiyva's grace]
 19123 | Elf:2    | Found a runed translucent gate.
 19124 | Elf:2    | Found a runed translucent gate.
 19124 | Elf:2    | Found a runed translucent gate.
 19307 | Elf:3    | Entered Level 3 of the Elven Halls
 19327 | Elf:3    | Found Vaitas's Book Shop.
 19722 | Elf:3    | Noticed a deep elf sorcerer
 19727 | Elf:3    | a deep elf death mage changed into an acid blob
 19727 | Elf:3    | Noticed an acid blob
 19734 | Elf:3    | Killed a deep elf sorcerer
 19739 | Elf:3    | Noticed a deep elf sorcerer
 19748 | Elf:3    | Noticed a deep elf sorcerer
 19749 | Elf:3    | Killed a deep elf sorcerer
 19758 | Elf:3    | Reached skill level 15 in Axes
 19761 | Elf:3    | Killed a deep elf sorcerer
 19766 | Elf:3    | Reached XP level 16. HP: 151/151 MP: 15/15
 19939 | Elf:3    | Identified the +4 chain mail of the Invisible Hand {Str-5
                  | Int+4 Dex+3}
 19984 | Elf:3    | Noticed a deep elf blademaster
 19989 | Elf:3    | Noticed a deep elf master archer
 20004 | Elf:3    | Killed a deep elf master archer
 20053 | Elf:3    | Noticed a deep elf master archer
 20058 | Elf:3    | Identified the +0 ring mail of the Wilderness {+Inv SInv}
 20064 | Elf:3    | Killed a deep elf master archer
 20069 | Elf:3    | Slimified a deep elf blademaster
 20069 | Elf:3    | a deep elf blademaster changed into an acid blob
 20069 | Elf:3    | Noticed an acid blob
 20143 | Elf:3    | Found the +12 glaive of Prune {freeze, Prune}
 20143 | Elf:3    | Noticed a deep elf blademaster
 20144 | Elf:3    | Noticed a deep elf master archer
 20144 | Elf:3    | Noticed a deep elf blademaster
 20155 | Elf:3    | Slimified a deep elf blademaster
 20155 | Elf:3    | a deep elf blademaster changed into an acid blob
 20155 | Elf:3    | Noticed an acid blob
 20164 | Elf:3    | Killed a deep elf master archer
 20164 | Elf:3    | Killed a deep elf blademaster
 20178 | Elf:3    | Got the Folio of Forking Paths
 20181 | Elf:3    | Got the Vellum of Allies and Portals
 20183 | Elf:3    | Identified the ring "Hammiof" {+Blink rN+ Int+6 SInv}
 20194 | Elf:3    | Identified the +0 short sword of Carved Resourcefulness
                  | {elec, *Noise +Blink Will+ SInv}
 20218 | Elf:3    | Identified the +5 short sword "Osaibinu" {heavy, rN+}
 20221 | Elf:3    | Identified the +10 quarterstaff "Tenateush" {holy, Stlth+}
 21541 | Vaults:1 | Lost mutation: You have large cloven feet. [Jiyva's grace]
 21541 | Vaults:1 | Lost mutation: You are completely covered in iridescent
                  | scales. (AC +6) [Jiyva's grace]
 21541 | Vaults:1 | Lost mutation: You are somewhat resistant to further
                  | mutation. [Jiyva's grace]
 21541 | Vaults:1 | Lost mutation: Your pliable body absorbs attacks. (AC +2,
                  | EV +2) [Jiyva's grace]
 21541 | Vaults:1 | Lost mutation: Your rubbery body absorbs attacks. (AC +1,
                  | EV +1) [Jiyva's grace]
 21541 | Vaults:1 | Lost mutation: You have a small jelly attached to you that
                  | senses nearby items. [Jiyva's grace]
 21541 | Vaults:1 | Gained mutation: You have a pair of large horns on your
                  | head. [Jiyva's grace]
 21541 | Vaults:1 | Gained mutation: You are somewhat resistant to further
                  | mutation. [Jiyva's grace]
 21541 | Vaults:1 | Gained mutation: You are somewhat resistant to both further
                  | mutation and mutation removal. [Jiyva's grace]
 21541 | Vaults:1 | Gained mutation: You are almost entirely resistant to
                  | further mutation and mutation removal. [Jiyva's grace]
 21741 | Vaults:2 | Reached XP level 17. HP: 86/162 MP: 16/16
 21858 | Vaults:2 | a vault warden changed into an acid blob
 21858 | Vaults:2 | Noticed an acid blob
 21991 | Vaults:2 | Noticed Boris
 22009 | Vaults:2 | Killed Boris
 22285 | Vaults:2 | Mangled by a vault warden

Illustrated notes

Levels and vault maps discovered:
D:1:      dpeg_arrival_simpleton_c, layout_loops_cross,
          hellmonk_ecumenical_altar_crossroads
D:2:      kennysheep_big_flooded_room, layout_loops_ring, basic_altar,
          kennysheep_potato, uniq_natasha
D:3:      layout_loops_cross, mainiacjoe_overflow_chevrons,
          nicolae_vehumet_altar_sigil, tgw_xom, mainiacjoe_overflow_brackets,
          gammafunk_ghost_grave, minmay_rat_hole, uniq_terence
D:4:      layout_basic
D:5:      layout_basic
D:6:      layout_loops_ring, minmay_temple_entry_statues_fountains,
          kennysheep_generic_room_3, uniq_eustachio, uniq_edmund
D:7:      layout_loops_ring, nicolae_dithmenos_shadow_blocks, marbit_many_paths
D:8:      layout_gridville, mainiacjoe_overflow_catwalk, enter_ossuary_1,
          uniq_erica, uniq_joseph, uniq_pikel, uniq_prince_ribbit1
D:9:      layout_small_grid, mainiacjoe_overflow_concentric_impassable,
          mainiacjoe_overflow_catwalk_spiral, led_sif_book, zin_treasury,
          overflow_temple_1_default, orc_david_3, enter_bailey_3,
          nicolae_the_louvre, uniq_harold
D:10:     layout_roguey
D:11:     layout_cave_pods, lair_entry_dummy, uniq_sonja
D:12:     layout_basic, nicolae_ru_path_of_blood
D:13:     layout_cave_pools, david_vaults_4
D:14:     layout_cave_pods, serial_shops, shop
D:15:     gammafunk_depths_entry_grave, layout_loops_ring, good_gods_temple_1
Lair:1:   layout_concentric_octagons
Lair:2:   layout_loops_ring, dummy_spider_entry, pdpol_lair_cabin_in_the_woods
Lair:3:   layout_long_grid, minmay_shoals_entry_centaurs,
          infiniplex_staircase_pool, lemuel_fruit_tree, wad_woods_river_01,
          uniq_fannar
Lair:4:   layout_misc_corridors, nicolae_slime_entry_slimehenge
Lair:5:   grunt_lair_end_beastmaster, layout_loops_ring, basic_altar,
          uniq_rupert
Spider:1: layout_spider_delve, uniq_mlioglotl
Slime:1:  cheibrodos_slime_lost_civilization_2, layout_caves
Slime:2:  layout_caves, nicolae_slime_barrier
Slime:3:  layout_caves
Slime:4:  layout_caves, nicolae_slime_rock_hall_of_fame
Slime:5:  slime_pit_nicolae_jellycorners
Orc:1:    layout_diamond_mine, uniq_urug, uniq_snorg
Orc:2:    st_orc_town, layout_caves, basic_altar, maelrawn_ghost_gauntlet_escape
Elf:1:    elf_arrival_002, layout_loops_corners, minivault_28,
          serial_sigils_hangedman_scratch, moated_statue
Elf:2:    nicolae_elf_blades_crystal_corner, layout_geoelf_grid, serial_shops,
          nicolae_shop_mannequins
Elf:3:    minmay_elf_hall_statues, layout_gridlike, serial_shops, shop_statue,
          nicolae_concentric_dashed_squares_wild
Vaults:1: nicolae_vaults_offset_grid_hallway_3, v_alt_pattern_6,
          v_alt_pattern_6, vaults_mumra_minichess_inversion,
          nicolae_vaults_little_ls, hangedman_vaults_maws,
          nicolae_vaults_shrinking_rooms_2, nicolae_vaults_stepped_doors,
          vaults_dpeg_encased_lava, st_smaller_cells, v_misc_17,
          ontoclasm_vaults_hangar, nicolae_vaults_double_plus_1,
          layout_vaults_ring
Vaults:2: nicolae_vaults_shelves_hall, nicolae_vaults_network_periphery,
          ontoclasm_vaults_decontamination, grunt_vaults_swirl,
          minmay_crypt_entry_simple_round, nicolae_vaults_three_branches,
          nicolae_vaults_wrenched, nicolae_vaults_turnstiles, v_misc_9,
          nicolae_vaults_trapezoid_lopsided_4, v_misc_22,
          vaults_room_guarded_vault, layout_vaults_big_room, enter_trove_1,
          serial_shops, nicolae_shop_rolled_up, uniq_boris

Skill      XL: |  1  2  3  4  5  6  7  8  9 10 11 12 13 14 15 16 17 |
---------------+----------------------------------------------------+-----
Armour         | 4 5 6 7 8 10 11 12 14 15 16 | 16.5
Shields        | 4 |  4.1
Fighting       | 4 5 6 8 9 12 13 15 17 18 | 18.1
Maces & Flails | 3 5 7 9 11 13 14 16 19 20 | 20.0
Dodging        | 1 2 3 5 7 8 |  8.9
Evocations     | 1 2 |  2.9
Throwing       | 1 2 |  2.0
Axes           | 10 15 18 | 18.8

Action                     |  1- 3 |  4- 6 |  7- 9 | 10-12 | 13-15 | 16-18 || total
---------------------------+-------+-------+-------+-------+-------+-------++-------
  Melee: Flail             |   110 |   125 |   173 |   486 |       |       ||   894
         Headbutt          |    11 |    15 |    29 |   141 |   176 |   124 ||   496
         Kick              |       |    20 |    54 |   195 |   270 |   127 ||   666
         Punch             |       |     1 |     1 |     5 |     3 |     5 ||    15
         Great mace        |       |       |       |    84 |   315 |       ||   399
         Pseudopods        |       |       |       |     1 |    32 |       ||    33
         Bite              |       |       |       |       |    16 |       ||    16
         Broad axe         |       |       |       |       |   414 |   418 ||   832
  Throw: Dart              |       |       |       |     5 |    14 |       ||    19
 Invoke: Slimify           |       |       |     1 |     3 |     3 |     4 ||    11
  Evoke: Wand              |       |       |     1 |     5 |    13 |       ||    19
         Box of beasts     |       |       |       |       |     2 |     2 ||     4
    Use: Scroll            |       |       |     6 |    10 |     7 |     1 ||    24
         Potion            |       |       |     4 |     3 |     4 |     4 ||    15
   Stab: Confused          |       |       |     3 |       |       |       ||     3
         Petrified         |       |       |       |       |     3 |       ||     3
         Distracted        |       |       |       |       |     2 |       ||     2
 Armour: Scale mail        |    76 |    68 |    52 |   176 |   258 |   131 ||   761
  Dodge: Dodged            |    54 |    63 |   102 |   342 |   650 |   304 ||  1515

Table legend: (Time is in decaauts)
 A = Elapsed time spent in this place.
 B = Non-inter-level travel time spent in this place.
 C = Inter-level travel time spent in this place.
 D = Time resting spent in this place.
 E = Time spent auto-exploring this place.
 F = Levels seen in this place.
 G = Mean time per level.
                   A        B        C        D        E       F      G
               +--------+--------+--------+--------+--------+-----+--------+
         Total |  21968 |  20132 |   1836 |    451 |  13884 |  34 |  646.1 |
       Dungeon |  11068 |  10024 |   1044 |    125 |   7737 |  15 |  737.9 |
          Lair |   4476 |   4049 |    427 |    140 |   2913 |   5 |  895.2 |
   Spider Nest |     29 |     29 |      0 |      0 |      0 |   1 |   29.0 |
    Slime Pits |    182 |    134 |     48 |      0 |     16 |   5 |   36.4 |
  Orcish Mines |   1508 |   1398 |    110 |     45 |    683 |   2 |  754.0 |
   Elven Halls |   2863 |   2673 |    190 |    131 |   1489 |   3 |  954.3 |
        Vaults |   1630 |   1617 |     13 |     10 |   1007 |   2 |  815.0 |
        Bailey |    209 |    209 |      0 |      0 |     39 |   1 |  209.0 |
               +--------+--------+--------+--------+--------+-----+--------+

Top non-repeatable levels by time:
  Lair:2: 1202 daAuts
    D:11: 1174 daAuts
   Elf:1: 1136 daAuts
Vaults:1: 1095 daAuts
   Orc:2: 1066 daAuts
     D:9: 1001 daAuts
  Lair:3: 969 daAuts
   Elf:3: 964 daAuts
    D:14: 898 daAuts
  Lair:5: 893 daAuts
     D:5: 873 daAuts
    D:12: 806 daAuts
     D:8: 797 daAuts
   Elf:2: 763 daAuts
     D:3: 758 daAuts
